PIO (24 & UNDER)
SEATTLE RAINIERS @ JASPER COUGARS
06/13/2027
 
TOP OF THE 1ST
Seattle Rainiers batting - Pitching for Jasper Cougars : RHP Juan Arreola
Pitching: RHP Juan Arreola
Batting: RHB Alfredo Farías 0-0: Foul Ball, location: 2F
0-1: Ground out U3 (Groundball, 34)
Batting: RHB José Vidal 0-0: Swinging Strike
0-1: Foul Ball, location: 2F
0-2: Ball
1-2: Ball
2-2: Strikes out looking
Batting: RHB Enrique Soto 0-0: Ball
1-0: Swinging Strike
1-1: Ball
2-1: Ball
3-1: Base on Balls
Batting: RHB Doug Williams 0-0: Ball
1-0: Swinging Strike
1-1: SINGLE (Line Drive, 89S)
Enrique Soto to second
Batting: LHB Carlos Valentín 0-0: Called Strike
0-1: Ball
1-1: Foul Ball, location: 2F
1-2: Ground out U3 (Groundball, 3)
Top of the 1st over - 0 run(s), 1 hit(s), 0 error(s), 2 left on base; Seattle 0 - Jasper 0
BOTTOM OF THE 1ST
Jasper Cougars batting - Pitching for Seattle Rainiers : RHP Brandon Sweet
Pitching: RHP Brandon Sweet
Batting: LHB David Adams 0-0: Ball
1-0: Swinging Strike
1-1: SINGLE (Line Drive, 3)
Batting: RHB Ron Elazar 0-0: Swinging Strike
0-1: Foul Ball, location: 2F
0-2: Ball
1-2: Foul Ball, location: 2F
1-2: Strikes out swinging
Batting: LHB António Camacho 0-0: Ball
1-0: Foul Ball, location: 2F
1-1: Grounds into double play, 5-4-3 (Groundball, 56)
Bottom of the 1st over - 0 run(s), 1 hit(s), 0 error(s), 0 left on base; Seattle 0 - Jasper 0
TOP OF THE 2ND
Seattle Rainiers batting - Pitching for Jasper Cougars : RHP Juan Arreola
Batting: RHB Rodrigo García 0-0: Fly out, F8 (Flyball, 8RM)
Batting: RHB Danny Spode 0-0: Ball
1-0: Ground out 6-3 (Groundball, 6)
Batting: SHB Júlio Ayala 0-0: Called Strike
0-1: Ball
1-1: Foul Ball, location: 2F
1-2: Ball
2-2: Foul Ball, location: 2F
2-2: Ball
3-2: Ground out 6-3 (Groundball, 6)
Top of the 2nd over - 0 run(s), 0 hit(s), 0 error(s), 0 left on base; Seattle 0 - Jasper 0
BOTTOM OF THE 2ND
Jasper Cougars batting - Pitching for Seattle Rainiers : RHP Brandon Sweet
Batting: LHB Jon Scott 0-0: Foul Ball, location: 2F
0-1: Ball
1-1: Fly out, F7 (Flyball, 78M)
Batting: LHB John Stone 0-0: Ball
1-0: Ball
2-0: Called Strike
2-1: SINGLE (Line Drive, 6MD)
Batting: SHB Rafael Acosta 0-0: Called Strike
John Stone steals 2nd base
0-1: Reached on error, E4 (Groundball, 4)
John Stone to third
Batting: RHB Bob Cole 0-0: Ball
1-0: Swinging Strike
1-1: Ball
2-1: Fly out, F9 (Flyball, 89M)
Runner from 3rd tags up, SCORES, no throw
Batting: LHB Jon Rogers 0-0: Ball
1-0: Called Strike
1-1: Foul Ball, location: 2F
1-2: Ball
2-2: Strikes out swinging
Bottom of the 2nd over - 1 run(s), 1 hit(s), 1 error(s), 1 left on base; Seattle 0 - Jasper 1
TOP OF THE 3RD
Seattle Rainiers batting - Pitching for Jasper Cougars : RHP Juan Arreola
Batting: SHB Eduardo Sánchez 0-0: Ball
1-0: Ball
2-0: Called Strike
2-1: SINGLE (Flyball, 78S)
Batting: RHB Alfredo Farías 0-0: Called Strike
0-1: Grounds into double play, 4-6-3 (Groundball, 4)
Batting: RHB José Vidal 0-0: Ball
1-0: Ground out 6-3 (Groundball, 6)
Top of the 3rd over - 0 run(s), 1 hit(s), 0 error(s), 0 left on base; Seattle 0 - Jasper 1
BOTTOM OF THE 3RD
Jasper Cougars batting - Pitching for Seattle Rainiers : RHP Brandon Sweet
Batting: RHB Juan Carlos 0-0: Called Strike
0-1: Ball
1-1: Swinging Strike
1-2: Ball
2-2: Ball
3-2: Foul Ball, location: 2F
3-2: Strikes out swinging
Batting: LHB David Adams 0-0: Called Strike
0-1: DOUBLE (Flyball, 7LM)
Batting: RHB Ron Elazar 0-0: Called Strike
0-1: Foul Ball, location: 2F
0-2: Strikes out swinging
Batting: LHB António Camacho 0-0: Swinging Strike
0-1: Ball
1-1: Ball
2-1: Ball
3-1: Called Strike
3-2: Ground out 5-3 (Groundball, 56)
Bottom of the 3rd over - 0 run(s), 1 hit(s), 0 error(s), 1 left on base; Seattle 0 - Jasper 1
TOP OF THE 4TH
Seattle Rainiers batting - Pitching for Jasper Cougars : RHP Juan Arreola
Batting: RHB Enrique Soto 0-0: Fly out, F8 (Line Drive, 8RS)
Batting: RHB Doug Williams 0-0: Ball
1-0: Ball
2-0: Called Strike
2-1: Called Strike
2-2: SINGLE (Flyball, 9LS)
Batting: LHB Carlos Valentín 0-0: Ball
1-0: SINGLE (Line Drive, 4MD)
Doug Williams to second
Batting: RHB Rodrigo García 0-0: Called Strike
0-1: Foul Ball, location: 2F
0-2: Foul Ball, location: 2F
0-2: Ball
Passed Ball!
Doug Williams to third
Carlos Valentín to second
1-2: Ground out 6-3 (Groundball, 6D)
Doug Williams scores
Batting: RHB Danny Spode 0-0: Ball
1-0: Ball
2-0: Fly out, F7 (Flyball, 78S)
Top of the 4th over - 1 run(s), 2 hit(s), 0 error(s), 1 left on base; Seattle 1 - Jasper 1
BOTTOM OF THE 4TH
Jasper Cougars batting - Pitching for Seattle Rainiers : RHP Brandon Sweet
Batting: LHB Jon Scott 0-0: Ball
1-0: SINGLE (Groundball, 34D)
Batting: LHB John Stone 0-0: Ball
Jon Scott steals 2nd base
1-0: SINGLE (Line Drive, 7S)
Jon Scott to third
Runner from 3rd tries for Home, throw and OUT!
John Stone to second
Now in LF: Ken Miller
Batting: SHB Rafael Acosta 0-0: Ball
Balk!
John Stone to third
1-0: Called Strike
1-1: Called Strike
1-2: Strikes out looking
Batting: RHB Bob Cole 0-0: Ground out 5-3 (Groundball, 5)
Bottom of the 4th over - 0 run(s), 2 hit(s), 0 error(s), 1 left on base; Seattle 1 - Jasper 1
TOP OF THE 5TH
Seattle Rainiers batting - Pitching for Jasper Cougars : RHP Juan Arreola
Batting: SHB Júlio Ayala 0-0: Foul Ball, location: 2F
0-1: Fly out, F8 (Flyball, 8LS)
Batting: SHB Eduardo Sánchez 0-0: Swinging Strike
0-1: Ball
1-1: Foul Ball, location: 2F
1-2: Foul Ball, location: 2F
1-2: Ball
2-2: SINGLE (Line Drive, 9S)
Batting: RHB Alfredo Farías 0-0: Foul Ball, location: 2F
0-1: Swinging Strike
0-2: Ball
1-2: Strikes out looking
Batting: RHB José Vidal 0-0: Ball
1-0: Ball
2-0: Ground out 4-3 (Groundball, 4S)
Top of the 5th over - 0 run(s), 1 hit(s), 0 error(s), 1 left on base; Seattle 1 - Jasper 1
BOTTOM OF THE 5TH
Jasper Cougars batting - Pitching for Seattle Rainiers : RHP Brandon Sweet
Batting: LHB Jon Rogers 0-0: Swinging Strike
0-1: SINGLE (Groundball, 4MD)
Batting: RHB Juan Carlos 0-0: Called Strike
0-1: Foul Ball, location: 2F
0-2: Ball
1-2: Ball
2-2: Strikes out swinging
Batting: LHB David Adams 0-0: Ball
1-0: Called Strike
Jon Rogers steals 2nd base
1-1: Intentional Walk
Batting: RHB Ron Elazar 0-0: SINGLE (Line Drive, 89S)
Jon Rogers to third
David Adams to second
Runner from 3rd tries for Home, SAFE, no throw
Batting: LHB António Camacho 0-0: Called Strike
David Adams steals 3rd base
Ron Elazar to second
0-1: Ball
1-1: Intentional Walk
Batting: LHB Jon Scott 0-0: Swinging Strike
0-1: Swinging Strike
0-2: Ball
1-2: Foul Ball, location: 2F
1-2: DOUBLE (Line Drive, 9D)
David Adams scores
Ron Elazar scores
António Camacho to third
Batting: LHB John Stone 0-0: Intentional Walk
Pitching: RHP Melvin Sharp
Batting: SHB Rafael Acosta 0-0: Ball
1-0: Ball
2-0: Ball
3-0: Foul Ball, location: 2F
3-1: Base on Balls
António Camacho scores
Jon Scott to third
John Stone to second
Batting: RHB Bob Cole 0-0: Called Strike
0-1: Ball
1-1: Fielders Choice at 2nd, 5-4 (Groundball, 5)
Jon Scott scores
John Stone to third
Batting: LHB Jon Rogers 0-0: Ball
1-0: Ball
2-0: Foul Ball, location: 2F
2-1: Swinging Strike
2-2: Ground out 6-3 (Groundball, 6S)
Bottom of the 5th over - 5 run(s), 3 hit(s), 0 error(s), 2 left on base; Seattle 1 - Jasper 6
TOP OF THE 6TH
Seattle Rainiers batting - Pitching for Jasper Cougars : RHP Juan Arreola
Batting: RHB Enrique Soto 0-0: Foul Ball, location: 2F
0-1: Fly out, F7 (Line Drive, 7)
Batting: RHB Ken Miller 0-0: Ball
1-0: Ball
2-0: Foul Ball, location: 2F
2-1: Ball
3-1: Base on Balls
Batting: LHB Carlos Valentín 0-0: Called Strike
0-1: Fly out, F9 (Flyball, 9LSF)
Batting: RHB Rodrigo García 0-0: Ball
1-0: Ball
2-0: Ball
3-0: Base on Balls
Ken Miller to second
Batting: RHB Danny Spode 0-0: Called Strike
0-1: Ball
1-1: Ball
2-1: Ball
3-1: Foul Ball, location: 2F
3-2: Foul Ball, location: 2F
3-2: Base on Balls
Ken Miller to third
Rodrigo García to second
Pitching: RHP Chris Schultz
Batting: SHB Júlio Ayala 0-0: Ball
1-0: Ball
2-0: Swinging Strike
2-1: Foul Ball, location: 2F
2-2: Ball
3-2: Base on Balls
Ken Miller scores
Rodrigo García to third
Danny Spode to second
Batting: SHB Eduardo Sánchez 0-0: Called Strike
0-1: Fielders Choice at 2nd, 4-6 (Groundball, 4)
Top of the 6th over - 1 run(s), 0 hit(s), 0 error(s), 2 left on base; Seattle 2 - Jasper 6
BOTTOM OF THE 6TH
Jasper Cougars batting - Pitching for Seattle Rainiers : RHP Melvin Sharp
Batting: RHB Juan Carlos 0-0: Ball
1-0: Swinging Strike
1-1: Ball
2-1: Ball
3-1: Base on Balls
Batting: LHB David Adams 0-0: Ball
1-0: Ball
2-0: Called Strike
2-1: Swinging Strike
2-2: Foul Ball, location: 2F
2-2: Foul Ball, location: 2F
2-2: Strikes out swinging
Juan Carlos steals 2nd base
Batter strikes out.
Batting: RHB Ron Elazar 0-0: Reached on error, E4 (Groundball, 4)
Juan Carlos to third
Batting: LHB António Camacho 0-0: Called Strike
Ron Elazar steals 2nd base
0-1: Called Strike
0-2: SINGLE (Line Drive, 78M)
Juan Carlos scores
Ron Elazar to third
Batting: LHB Jon Scott 0-0: Called Strike
0-1: Ball
1-1: Swinging Strike
1-2: 3-RUN HOME RUN (Flyball, 89XD), Distance : 378 ft
Pitching: RHP Jesús Arredondo
Batting: LHB John Stone 0-0: Called Strike
0-1: Ball
1-1: Foul Ball, location: 2F
1-2: Ball
2-2: Ball
3-2: Strikes out swinging
Batting: SHB Rafael Acosta 0-0: Called Strike
0-1: Ball
1-1: Ball
2-1: Swinging Strike
2-2: Ball
3-2: Foul Ball, location: 2F
3-2: Fly out, F7 (Line Drive, 78M)
Bottom of the 6th over - 4 run(s), 2 hit(s), 1 error(s), 0 left on base; Seattle 2 - Jasper 10
TOP OF THE 7TH
Seattle Rainiers batting - Pitching for Jasper Cougars : RHP Chris Schultz
Batting: RHB Alfredo Farías 0-0: Called Strike
0-1: Foul Ball, location: 2F
0-2: Ball
1-2: Ball
2-2: Ground out 5-3 (Groundball, 5S)
Batting: RHB José Vidal 0-0: SOLO HOME RUN (Line Drive, 7D), Distance : 341 ft
Batting: RHB Enrique Soto 0-0: Called Strike
0-1: Foul Ball, location: 2F
0-2: Ball
1-2: Ball
2-2: Strikes out swinging
Batting: RHB Ken Miller 0-0: Called Strike
0-1: Ball
1-1: Swinging Strike
1-2: Strikes out swinging
Top of the 7th over - 1 run(s), 1 hit(s), 0 error(s), 0 left on base; Seattle 3 - Jasper 10
BOTTOM OF THE 7TH
Jasper Cougars batting - Pitching for Seattle Rainiers : RHP Jesús Arredondo
Batting: RHB Bob Cole 0-0: Called Strike
0-1: Swinging Strike
0-2: SOLO HOME RUN (Flyball, 78XD), Distance : 392 ft
Batting: LHB Jon Rogers 0-0: Ball
1-0: Called Strike
1-1: Foul Ball, location: 2F
1-2: Foul Ball, location: 2F
1-2: Ball
2-2: Ball
3-2: Strikes out looking
Batting: RHB Juan Carlos 0-0: Ball
1-0: DOUBLE (Groundball, 3L)
Batting: LHB David Adams 0-0: Ball
1-0: Swinging Strike
1-1: Called Strike
1-2: Foul Ball, location: 2F
1-2: Ball
2-2: Foul Ball, location: 2F
2-2: Strikes out swinging
Batting: RHB Ron Elazar 0-0: Foul Ball, location: 2F
0-1: Ball
1-1: Foul Ball, location: 2F
1-2: Ground out 4-3 (Groundball, 4MS)
Bottom of the 7th over - 1 run(s), 2 hit(s), 0 error(s), 1 left on base; Seattle 3 - Jasper 11
TOP OF THE 8TH
Seattle Rainiers batting - Pitching for Jasper Cougars : RHP Chris Schultz
Batting: LHB Carlos Valentín 0-0: Fly out, F4 (Popup, 34D)
Batting: RHB Rodrigo García 0-0: Foul Ball, location: 2F
0-1: Foul Ball, location: 2F
0-2: Ball
1-2: Ball
2-2: Fly out, F7 (Flyball, 78M)
Batting: RHB Danny Spode 0-0: Ball
1-0: Swinging Strike
1-1: Foul Ball, location: 2F
1-2: Ball
2-2: Ball
3-2: Foul Ball, location: 2F
3-2: Ground out 5-3 (Groundball, 56S)
Top of the 8th over - 0 run(s), 0 hit(s), 0 error(s), 0 left on base; Seattle 3 - Jasper 11
BOTTOM OF THE 8TH
Jasper Cougars batting - Pitching for Seattle Rainiers : RHP Jesús Arredondo
Batting: LHB António Camacho 0-0: Ball
1-0: Fly out, F6 (Line Drive, 6)
Batting: LHB Jon Scott 0-0: Ball
1-0: Ball
2-0: Ball
3-0: Base on Balls
Batting: LHB John Stone 0-0: Ball
1-0: Called Strike
Pickoff Throw by Catcher to First - Error! E2
Jon Scott to second
1-1: Ball
2-1: Ball
3-1: Base on Balls
Pinch Hitting: RHB José Ortega 0-0: Ball
1-0: Foul Ball, location: 2F
1-1: Swinging Strike
1-2: SINGLE (Groundball, 34D)
Jon Scott to third
John Stone to second
Runner from 3rd tries for Home, SAFE, no throw
Batting: RHB Bob Cole 0-0: Foul Ball, location: 2F
0-1: Ball
1-1: Called Strike
1-2: Ball
2-2: Foul Ball, location: 2F
2-2: Foul Ball, location: 2F
2-2: Fielders Choice at 2nd, 1-4 (Groundball, 15S)
John Stone to third
Batting: LHB Jon Rogers 0-0: Foul Ball, location: 2F
0-1: Ball
1-1: Swinging Strike
1-2: Ball
2-2: Strikes out swinging
Bottom of the 8th over - 1 run(s), 1 hit(s), 1 error(s), 2 left on base; Seattle 3 - Jasper 12
TOP OF THE 9TH
Seattle Rainiers batting - Pitching for Jasper Cougars : RHP Chris Schultz
Pitching: LHP Javier Galeas
Now in RF: Kyle Harrison
Batting: SHB Júlio Ayala 0-0: Ball
1-0: Foul Ball, location: 2F
1-1: Foul Ball, location: 2F
1-2: Foul Ball, location: 2F
1-2: Ball
2-2: Ball
3-2: Base on Balls
Batting: SHB Eduardo Sánchez 0-0: Ball
1-0: Ball
2-0: Ball
3-0: Called Strike
3-1: Base on Balls
Júlio Ayala to second
Batting: RHB Alfredo Farías 0-0: Ball
1-0: Foul Ball, location: 2F
1-1: Ball
2-1: Called Strike
2-2: Strikes out looking
Batting: RHB José Vidal 0-0: Fielders Choice at 2nd, 5-4 (Groundball, 56)
Júlio Ayala to third
Batting: RHB Enrique Soto 0-0: Called Strike
0-1: Foul Ball, location: 2F
0-2: Fly out, F8 (Flyball, 8LD)
Top of the 9th over - 0 run(s), 0 hit(s), 0 error(s), 2 left on base; Seattle 3 - Jasper 12
Thursday, March 30th, 2017 - OOTP Baseball 17.12 Build 75